 Dungeon Crawl Stone Soup version 0.17-a0-124-gc3c9679 (webtiles) character file.

175 HAL9000 the Cudgeler (level 5, -3/54 HPs)
             Began as an Ogre Hunter on Mar 22, 2015.
             Slain by a kobold (4 damage)
             ... on level 4 of the Dungeon.
             The game lasted 00:08:43 (3893 turns).

HAL9000 the Cudgeler (Ogre Hunter)                  Turns: 3893, Time: 00:08:44

Health: -3/54      AC:  4    Str: 22      XL:     5   Next: 55%
Magic:  5/5        EV: 15    Int: 10      God:
Gold:   97         SH:  0    Dex: 13 (16) Spells: 0 memorised, 4 levels left

rFire  . . .     SeeInvis .     C - +0 mace
rCold  . . .     Clarity  .     z - +0 robe
rNeg   . . .     SustAb   .     (shield restricted)
rPois  .         Gourm    .     (helmet restricted)
rElec  .         Spirit   .     k - +0 cloak
rCorr  .         Warding  .     (gloves unavailable)
rMut   .         Stasis   .     (boots unavailable)
MR     .....                    (no amulet)
Stlth  ++........               (no ring)
                                (no ring)

@: mighty, agile, lethally poisoned (-3 -> -13), not resistant to hostile
enchantments, unstealthy
A: unfitting armour, tough skin 1
a: no special abilities


You were on level 4 of the Dungeon.
You were not hungry.

You visited 1 branch of the dungeon, and saw 4 of its levels.

You collected 97 gold pieces.

Inventory:

Hand weapons
 C - a +0 mace (weapon)
Missiles
 b - a large rock (quivered)
 c - 2 throwing nets
Armour
 k - a +0 cloak (worn)
 z - a +0 robe (worn)
Jewellery
 E - a +3 ring of strength {unknown}
Scrolls
 g - 4 scrolls of identify
 j - a scroll of recharging
 A - a scroll of enchant armour {unknown}
 B - a scroll of remove curse
 D - a scroll of teleportation
Potions
 v - a potion of flight
Comestibles
 f - 4 meat rations
 l - 3 bread rations
 o - 2 beef jerkies
 u - 3 fruits


   Skills:
 - Level 3.8 Fighting
 + Level 5.8 Maces & Flails
 - Level 4.6 Throwing
 - Level 1.7 Dodging
 - Level 0.7 Stealth


You had 4 spell levels left.
You didn't know any spells.

Dungeon Overview and Level Annotations

Branches:
Dungeon (4/15)
 Temple: D:4-7

Altars:
Ashenzari
Kikubaaqudgha

Annotations:
D:4 Eustachio


Innate Abilities, Weirdness & Mutations

You are too large for most types of armour.
You have tough skin (AC +1).


Message History

The quasit claws you but does no damage.
The quasit misses you.
Things that are here:
a short sword; a ring mail; an orc corpse You sock Eustachio!
Eustachio is severely wounded.
* * * LOW HITPOINT WARNING * * *
You feel sick. The bat completely misses you. The quasit barely misses you.
The quasit misses you.
The quasit claws you but does no damage.
Eustachio casts a spell.
Eustachio blinks!
The kobold misses you.
* * * LOW HITPOINT WARNING * * *
You feel sick. The bat completely misses you. The quasit closely misses you.
The quasit closely misses you.
The quasit claws you but does no damage.
The iron imp barely misses you. The quokka completely misses you.
Eustachio gestures wildly while chanting.
The kobold hits you.
You die...

#....................
#.##.#.##.##..###.###
# #.#.##.##..###.###
#.................
#.#.##.##..###.### #
#.#.##.##..# #.#
#.###.##.#@##.##..#
#.#
#(...(..5r....##..#
#.#
.......5@).5......#
#.#
.(......K..........
...
####.##.#.#####.##
#.# ... ...b# #.. ...
### ##.#.# . ...
..#.# ###.# .# .


You could see Eustachio, an iron imp, a quasit, a white imp, a quokka, a bat and
a kobold.

Vanquished Creatures
  An orc wizard (D:3)
  Ijyb (D:3)
  6 adders (D:2)
  2 worms
  5 orcs
  3 giant cockroaches
  4 hobgoblins
  5 jackals (D:1)
  6 kobolds
  2 ball pythons
  4 bats
  4 giant newts
  10 goblins
  6 rats
59 creatures vanquished.

Notes
Turn   | Place    | Note
--------------------------------------------------------------
     0 | D:1      | HAL9000, the Ogre Hunter, began the quest for the Orb.
     0 | D:1      | Reached XP level 1. HP: 22/22 MP: 1/1
   192 | D:1      | Reached XP level 2. HP: 24/31 MP: 2/2
   948 | D:1      | Found a shattered altar of Ashenzari.
  1546 | D:2      | Reached skill level 1 in Maces & Flails
  1587 | D:2      | Reached XP level 3. HP: 36/39 MP: 3/3
  1740 | D:2      | Reached XP level 4. HP: 23/48 MP: 4/4
  2170 | D:2      | Found an ancient bone altar of Kikubaaqudgha.
  2877 | D:3      | Reached XP level 5. HP: 54/54 MP: 5/5
  3322 | D:3      | Noticed Ijyb
  3336 | D:3      | Killed Ijyb
  3336 | D:3      | Reached skill level 5 in Maces & Flails
  3761 | D:4      | Noticed an ogre
  3874 | D:4      | Noticed Eustachio
  3884 | D:4      | HP: 1/54 [orc/short sword (3)]
  3892 | D:4      | HP: 2/54 [poison (a potion of poison)]
  3893 | D:4      | Slain by a kobold

Action                   |  1- 3 |  4- 6 || total
-------------------------+-------+-------++-------
Melee: Short sword       |   105 |       ||   105
       Club              |    37 |       ||    37
       Whip              |    13 |    82 ||    95
       Mace              |       |    54 ||    54
Throw: Large rock        |     6 |    23 ||    29
       Throwing net      |       |     4 ||     4
  Use: Scroll            |       |     6 ||     6
       Potion            |       |     8 ||     8
 Stab: Held in net/web   |       |     1 ||     1
  Eat: Chunk             |     3 |     7 ||    10
